Login

San Diego Gulls vs Manitoba Moose

Created - 17 March 2024 at 23:14

Goals
1 2 3 T
San Diego Gulls 0 4 1 5
Manitoba Moose 0 2 1 3
Shots
1 2 3 T
San Diego Gulls 13 7 12 32
Manitoba Moose 9 15 17 41

GoalsPenalties
1st period
No Goal
Pavol Regenda (SDG) for Tripping (Minor) at 19:52
2nd period
1. San Diego Gulls , Glenn Gawdin 1 (Jamie Drysdale 2, Chase De-Leo 1) at 5:04
2. San Diego Gulls , Glenn Gawdin 2 (Chase De-Leo 2) at 6:29
3. San Diego Gulls , Mason McTavish 3 (Colton White 6) at 7:29 (PP)
4. San Diego Gulls , Glenn Gawdin 3 (Jamie Drysdale 3, Bo Groulx 6) at 9:26 (SH)
5. Manitoba Moose , David Gustafsson 5 (Axel Jonsson-Fjallby 7, Saku Maenalanen 2) at 9:55 (PP)
6. Manitoba Moose , Riley Sheahan 3 (Lawrence Pilut 4, Brad Lambert 3) at 13:44
Jeff Malott (MTB) for Holding (Minor) at 7:23
Brayden Tracey (SDG) for Hooking (Minor) at 8:36
3rd period
7. San Diego Gulls , Colton White 1 (Pavol Regenda 3, Mason McTavish 7) at 18:41 (PP)
8. Manitoba Moose , Lawrence Pilut 2 (Kyle Capobianco 4) at 19:27 (PP)
Trevor Carrick (SDG) for Unsportsmanlike conduct (Minor) at 6:23
Jeffrey Viel (MTB) for Holding (Minor) at 9:05
Ville Heinola (MTB) for Interference (Minor) at 18:30
Pavol Regenda (SDG) for Tripping (Minor) at 18:56
Goalie Stats
Lukas Dostal (SDG), 38 saves from 41 shots - (0.927), W, 5-0-1, 60:00 minutes
Collin Delia (MTB), 13 saves from 17 shots - (0.765), L, 1-2-1, 29:26 minutes
Olle Eriksson-Ek (MTB), 14 saves from 15 shots - (0.933), 30:34 minutes
3 StarsOfficial
1 - Glenn Gawdin (SDG)
2 - Mason McTavish (SDG)
3 - Lawrence Pilut (MTB)
Referees : Gord Dwyer and Justin St. Pierre
Linesman : Steven Berry and Steven Walsh
Game Note
Glenn Gawdin has scored a Hat Trick!
Olle Eriksson-Ek enters game at 9:26 of 2nd period
Finance
Level 1 -- Attendance: 1706 (85.30%) -- Ticket Income $59,710
Level 2 -- Attendance: 953 (95.30%) -- Ticket Income $14,295
Total Attendance: 2659 (88.63%)
Total Ticket Income: $74,005
Other Income: $36,262
Total Income: $110,267



Team Name Goals Shots Shots Attemp Shots Blocked PIM HIT PP PK FO%
San Diego Gulls 53254168212 / 3 (67%)246%
Manitoba Moose 3416986282 / 4 (50%)254%

San Diego Gulls
Player Name POS G A P +/- PIM HIT SHT SB MP PP MP PP SHT PK MP PK SHT FO% FOT GA TA
Bo GroulxC0111023118:220:4900:43042% 1211
Brayden TraceyLW0000212018:080:4900:3000% 000
Brett LeasonRW0000012021:111:1500:000100% 101
Chase De-LeoLW0221021213:570:0001:1600% 001
Chris MartenetD0001000012:580:0000:0000% 000
Colton WhiteD112-1005527:301:3113:4200% 003
Connor HvidstonLW000000007:010:0000:1400% 000
Drew HellesonD000-1011127:301:3103:4200% 010
Glenn GawdinC3032014016:110:1202:06113% 800
Jackson LaCombeD0002003219:320:4502:0600% 001
Jacob PerreaultRW0000030017:390:4900:0000% 100
Jamie DrysdaleD0222020019:320:4502:0600% 001
Josh LopinaC000000000:000:0000:0000% 000
Judd CaulfieldRW0001010012:390:0000:0000% 000
Mason McTavishC1120066121:271:2714:22054% 3700
Nikita NesterenkoC000001127:510:1200:00033% 300
Pavol RegendaLW0110404019:231:1512:25067% 310
Trevor CarrickD0001200213:170:0000:0000% 000
Manitoba Moose
Player Name POS G A P +/- PIM HIT SHT SB MP PP MP PP SHT PK MP PK SHT FO% FOT GA TA
Artemi KniazevD000-1010113:590:0000:0000% 000
Axel Jonsson-FjallbyLW0110013022:263:5801:19025% 411
Brad LambertRW0110000012:070:0000:000100% 100
Brandon GignacLW000001208:330:0000:2400% 000
Daniel TorgerssonLW000000008:060:0000:0000% 000
David GustafssonC1010056022:263:5821:19057% 3500
Declan ChisholmD000-1000013:590:0000:0000% 000
Dominic ToninatoC000002008:060:0000:00050% 200
Jeff MalottLW0000216112:060:0000:0000% 010
Jeffrey VielLW000-2242016:231:5000:0000% 100
Kristian ReichelC000-2015117:111:5000:47050% 1220
Kyle CapobiancoD0110011128:034:2211:0300% 020
Lawrence PilutD1120052228:034:2211:0300% 001
Riley SheahanC1010017012:500:0000:43071% 700
Saku MaenalanenRW0110030121:073:5800:00033% 310
Sam AnasRW000-2002116:211:5000:0000% 000
Simon LundmarkD000-1000017:581:2601:1300% 001
Ville HeinolaD000-1225017:571:2611:1300% 010

San Diego Gulls

5 vs 5 Forward
Line #Left WingCenterRight WingPHYDFOFWanted %Time %Time Play
1Pavol RegendaMason McTavishBrett Leason1224031%16:05
2Brayden TraceyBo GroulxJacob Perreault1223032%16:50
3Chase De-LeoGlenn GawdinJudd Caulfield1222024%12:21
4Connor HvidstonNikita NesterenkoBrett Leason1221013%6:40
5 vs 5 Defense
Line #DefenseDefensePHYDFOFWanted %Time %Time Play
1Drew HellesonColton White1224037%19:09
2Jackson LaCombeJamie Drysdale1223032%16:41
3Trevor CarrickChris Martenet1222025%12:58
4Drew HellesonColton White122106%3:08
Power Play Forward
Line #Left WingCenterRight WingPHYDFOFWanted %Time %Time Play
1Pavol RegendaMason McTavishBrett Leason1226064%1:27
2Brayden TraceyBo GroulxJacob Perreault1224036%0:49
Power Play Defense
Line #DefenseDefensePHYDFOFWanted %Time %Time Play
1Drew HellesonColton White1226067%1:31
2Jackson LaCombeJamie Drysdale1224033%0:45
Penalty Kill 4 Players Forward
Line #CenterWingPHYDFOFWanted %Time %Time Play
1Mason McTavishPavol Regenda1226088%5:05
2Bo GroulxBrayden Tracey1224012%0:43
Penalty Kill 4 Players Defense
Line #DefenseDefensePHYDFOFWanted %Time %Time Play
1Drew HellesonColton White1226064%3:42
2Jackson LaCombeJamie Drysdale1224036%2:06
Penalty Kill 3 Players
Line #WingPHYDFOFWanted %Time %Time PlayDefenseDefensePHYDFOFWanted %Time %Time Play
1Mason McTavish122600%0:00 Drew HellesonColton White122600%0:00
2Bo Groulx122400%0:00 Jackson LaCombeJamie Drysdale122400%0:00
4 vs 4 Forward
Line #CenterWingPHYDFOFWanted %Time %Time Play
1Mason McTavishPavol Regenda122600%0:00
2Bo GroulxBrayden Tracey122400%0:00
4 vs 4 Defense
Line #DefensePHYDFOFWanted %Time %Time Play
1Drew HellesonColton White122600%0:00
2Jackson LaCombeJamie Drysdale122400%0:00
Last Minutes Offensive
Left WingCenterRight WingDefenseDefense
Pavol RegendaMason McTavishBrett LeasonDrew HellesonColton White
Last Minutes Defensive
Left WingCenterRight WingDefenseDefense
Pavol RegendaMason McTavishBrett LeasonDrew HellesonColton White
Time
Total ForwardTotal DefenseLast Minutes OffensiveLast Minutes Defensive
60:00 60:00 0:000:00
Extra Forwards
Normal PowerPlayPenalty Kill
Glenn Gawdin, Nikita Nesterenko, Brayden TraceyGlenn Gawdin, Nikita NesterenkoGlenn Gawdin
Extra Defensemen
Normal PowerPlayPenalty Kill
Jamie Drysdale, Trevor Carrick, Chris MartenetJamie Drysdale, Jamie DrysdaleTrevor Carrick
Penalty Shots
Mason McTavish, Bo Groulx, Brett Leason, Pavol Regenda, Glenn Gawdin
Goalie
Lukas Dostal, Gage Alexander
Custom OT Lines Forwards
Mason McTavish, Bo Groulx, Brett Leason, Pavol Regenda, Glenn Gawdin, Nikita Nesterenko, Brayden Tracey, Chase De-Leo, Jacob Perreault, Judd Caulfield
Custom OT Lines Defensemen
Drew Helleson, Colton White, Jackson LaCombe, Jamie Drysdale, Trevor Carrick
Scratches
Blake McLaughlin (Healthy), Calle Clang (Healthy)

Manitoba Moose

5 vs 5 Forward
Line #Left WingCenterRight WingPHYDFOFWanted %Time %Time Play
1Axel Jonsson-FjallbyDavid GustafssonSaku Maenalanen1224033%17:12
2Jeffrey VielKristian ReichelSam Anas1223028%14:31
3Jeff MalottRiley SheahanBrad Lambert1222023%12:07
4Daniel TorgerssonDominic ToninatoBrandon Gignac1221016%8:06
5 vs 5 Defense
Line #DefenseDefensePHYDFOFWanted %Time %Time Play
1Lawrence PilutKyle Capobianco1224039%20:16
2Ville HeinolaSimon Lundmark1223029%15:19
3Declan ChisholmArtemi Kniazev1222027%13:59
4Lawrence PilutKyle Capobianco122105%2:22
Power Play Forward
Line #Left WingCenterRight WingPHYDFOFWanted %Time %Time Play
1Axel Jonsson-FjallbyDavid GustafssonSaku Maenalanen1226068%3:58
2Jeffrey VielKristian ReichelSam Anas1224032%1:50
Power Play Defense
Line #DefenseDefensePHYDFOFWanted %Time %Time Play
1Lawrence PilutKyle Capobianco1226075%4:22
2Ville HeinolaSimon Lundmark1224025%1:26
Penalty Kill 4 Players Forward
Line #CenterWingPHYDFOFWanted %Time %Time Play
1David GustafssonAxel Jonsson-Fjallby1226076%1:43
2Kristian ReichelJeffrey Viel1224024%0:33
Penalty Kill 4 Players Defense
Line #DefenseDefensePHYDFOFWanted %Time %Time Play
1Lawrence PilutKyle Capobianco1226046%1:03
2Ville HeinolaSimon Lundmark1224054%1:13
Penalty Kill 3 Players
Line #WingPHYDFOFWanted %Time %Time PlayDefenseDefensePHYDFOFWanted %Time %Time Play
1David Gustafsson122600%0:00 Lawrence PilutKyle Capobianco122600%0:00
2Kristian Reichel122400%0:00 Ville HeinolaSimon Lundmark122400%0:00
4 vs 4 Forward
Line #CenterWingPHYDFOFWanted %Time %Time Play
1David GustafssonAxel Jonsson-Fjallby122600%0:00
2Kristian ReichelJeffrey Viel122400%0:00
4 vs 4 Defense
Line #DefensePHYDFOFWanted %Time %Time Play
1Lawrence PilutKyle Capobianco122600%0:00
2Ville HeinolaSimon Lundmark122400%0:00
Last Minutes Offensive
Left WingCenterRight WingDefenseDefense
Axel Jonsson-FjallbyDavid GustafssonSaku MaenalanenLawrence PilutKyle Capobianco
Last Minutes Defensive
Left WingCenterRight WingDefenseDefense
Axel Jonsson-FjallbyDavid GustafssonSaku MaenalanenLawrence PilutKyle Capobianco
Time
Total ForwardTotal DefenseLast Minutes OffensiveLast Minutes Defensive
60:00 60:00 0:000:00
Extra Forwards
Normal PowerPlayPenalty Kill
Riley Sheahan, Dominic Toninato, Jeffrey VielRiley Sheahan, Dominic ToninatoRiley Sheahan
Extra Defensemen
Normal PowerPlayPenalty Kill
Simon Lundmark, Declan Chisholm, Artemi KniazevSimon Lundmark, Simon LundmarkDeclan Chisholm
Penalty Shots
Saku Maenalanen, Axel Jonsson-Fjallby, David Gustafsson, Kristian Reichel, Riley Sheahan
Goalie
Collin Delia, Olle Eriksson-Ek
Custom OT Lines Forwards
Saku Maenalanen, Axel Jonsson-Fjallby, David Gustafsson, Kristian Reichel, Riley Sheahan, Dominic Toninato, Jeffrey Viel, Jeff Malott, Brandon Gignac, Daniel Torgersson
Custom OT Lines Defensemen
Lawrence Pilut, Kyle Capobianco, Ville Heinola, Simon Lundmark, Declan Chisholm
Scratches
Tyrel Bauer (Healthy), Wyatt Bongiovanni (Healthy), Parker Ford (Healthy), Chaz Lucius (Healthy), Henri Nikkanen (Healthy) Cole Perfetti (Healthy), Ashton Sautner (Healthy), Oskari Salminen (Healthy)


Play-by-Play

1st period


0:01 of 1st period - David Gustafsson wins face-off versus Pavol Regenda in neutral zone.
0:26 of 1st period - Bo Groulx is hit by Lawrence Pilut.
0:34 of 1st period - Slapshot by Jackson LaCombe.
0:34 of 1st period - Deflect By Kristian Reichel.
0:34 of 1st period - Stopped by Collin Delia without a rebound.
0:35 of 1st period - Riley Sheahan wins face-off versus Glenn Gawdin in Manitoba Moose zone.
0:52 of 1st period - Jackson LaCombe is hit by Jeff Malott and loses puck.
2:33 of 1st period - Mason McTavish is hit by Kristian Reichel and loses puck.
3:32 of 1st period - Slapshot by Ville Heinola.
3:32 of 1st period - Stopped by Lukas Dostal with a rebound.
3:34 of 1st period - Wrist shot by Riley Sheahan.
3:34 of 1st period - Stopped by Lukas Dostal with a rebound.
3:36 of 1st period - Wrist shot by Riley Sheahan.
3:36 of 1st period - Shot Blocked by Bo Groulx.
3:38 of 1st period - Snap shot by Jeff Malott.
3:38 of 1st period - Shot Misses the Net.
3:40 of 1st period - Snap shot by Riley Sheahan.
3:40 of 1st period - Shot Blocked by Jackson LaCombe.
3:42 of 1st period - Snap shot by Ville Heinola.
3:42 of 1st period - Stopped by Lukas Dostal with a rebound.
4:38 of 1st period - Wrist shot by Kristian Reichel.
4:38 of 1st period - Stopped by Lukas Dostal with a rebound.
4:56 of 1st period - Jeffrey Viel is hit by Mason McTavish and loses puck.
5:26 of 1st period - Wrist shot by David Gustafsson.
5:26 of 1st period - Stopped by Lukas Dostal with a rebound.
5:28 of 1st period - Snap shot by Axel Jonsson-Fjallby.
5:28 of 1st period - Shot Blocked by Trevor Carrick.
6:56 of 1st period - Glenn Gawdin is hit by Saku Maenalanen.
7:02 of 1st period - Slapshot by Axel Jonsson-Fjallby.
7:02 of 1st period - Shot Misses the Net.
7:12 of 1st period - Kyle Capobianco is hit by Brayden Tracey and loses puck.
7:16 of 1st period - Icing by Kyle Capobianco.
7:17 of 1st period - Bo Groulx wins face-off versus Dominic Toninato in Manitoba Moose zone.
7:26 of 1st period - Trevor Carrick is hit by Artemi Kniazev and loses puck.
7:32 of 1st period - Icing by Jacob Perreault.
7:33 of 1st period - David Gustafsson wins face-off versus Jacob Perreault in San Diego Gulls zone.
7:46 of 1st period - Snap shot by David Gustafsson.
7:46 of 1st period - Shot Misses the Net.
7:56 of 1st period - Snap shot by Jacob Perreault.
7:56 of 1st period - Shot Blocked by Kyle Capobianco.
8:04 of 1st period - Slapshot by Kyle Capobianco.
8:04 of 1st period - Shot Blocked by Trevor Carrick.
8:06 of 1st period - Snap shot by Sam Anas.
8:06 of 1st period - Stopped by Lukas Dostal with a rebound.
8:28 of 1st period - Brett Leason is hit by Ville Heinola and loses puck.
8:32 of 1st period - Icing by Brett Leason.
8:33 of 1st period - David Gustafsson wins face-off versus Mason McTavish in San Diego Gulls zone.
9:02 of 1st period - Snap shot by Chase De-Leo.
9:02 of 1st period - Stopped by Collin Delia with a rebound.
9:04 of 1st period - Wrist shot by Chase De-Leo.
9:04 of 1st period - Shot Misses the Net.
9:06 of 1st period - Slapshot by Glenn Gawdin.
9:06 of 1st period - Shot Misses the Net.
10:16 of 1st period - Axel Jonsson-Fjallby is hit by Jamie Drysdale and loses puck.
11:03 of 1st period - Colton White is hit by Lawrence Pilut and loses puck.
11:52 of 1st period - Jeff Malott is hit by Nikita Nesterenko and loses puck.
12:24 of 1st period - Judd Caulfield is hit by David Gustafsson and loses puck.
12:44 of 1st period - Snap shot by Riley Sheahan.
12:44 of 1st period - Stopped by Lukas Dostal with a rebound.
12:46 of 1st period - Wrist shot by Jeff Malott.
12:46 of 1st period - Stopped by Lukas Dostal without a rebound.
12:47 of 1st period - Riley Sheahan wins face-off versus Bo Groulx in San Diego Gulls zone.
13:11 of 1st period - Wrist shot by Riley Sheahan.
13:11 of 1st period - Shot Misses the Net.
13:48 of 1st period - Jeffrey Viel is hit by Bo Groulx and loses puck.
13:55 of 1st period - Slapshot by Brayden Tracey.
13:55 of 1st period - Deflect By Bo Groulx.
13:55 of 1st period - Shot Misses the Net.
13:55 of 1st period - Puck is out of play.
13:56 of 1st period - David Gustafsson wins face-off versus Glenn Gawdin in Manitoba Moose zone.
14:11 of 1st period - Snap shot by David Gustafsson.
14:11 of 1st period - Stopped by Lukas Dostal with a rebound.
14:23 of 1st period - Wrist shot by Brayden Tracey.
14:23 of 1st period - Shot Blocked by Lawrence Pilut.
14:25 of 1st period - Slapshot by Chris Martenet.
14:25 of 1st period - Shot Blocked by Lawrence Pilut.
14:27 of 1st period - Wrist shot by Bo Groulx.
14:27 of 1st period - Shot Blocked by Kristian Reichel.
14:29 of 1st period - Wrist shot by Brayden Tracey.
14:29 of 1st period - Stopped by Collin Delia without a rebound.
14:30 of 1st period - Mason McTavish wins face-off versus Axel Jonsson-Fjallby in Manitoba Moose zone.
14:33 of 1st period - Snap shot by Mason McTavish.
14:33 of 1st period - Stopped by Collin Delia with a rebound.
14:35 of 1st period - Snap shot by Pavol Regenda.
14:35 of 1st period - Shot Misses the Net.
14:37 of 1st period - Wrist shot by Brett Leason.
14:37 of 1st period - Stopped by Collin Delia without a rebound.
14:38 of 1st period - Mason McTavish wins face-off versus David Gustafsson in Manitoba Moose zone.
14:47 of 1st period - Snap shot by Pavol Regenda.
14:47 of 1st period - Stopped by Collin Delia without a rebound.
14:48 of 1st period - David Gustafsson wins face-off versus Mason McTavish in Manitoba Moose zone.
15:18 of 1st period - Wrist shot by Bo Groulx.
15:18 of 1st period - Shot Misses the Net.
15:20 of 1st period - Slapshot by Colton White.
15:20 of 1st period - Stopped by Collin Delia without a rebound.
15:21 of 1st period - Mason McTavish wins face-off versus Kristian Reichel in Manitoba Moose zone.
16:10 of 1st period - Drew Helleson is hit by Ville Heinola and loses puck.
16:29 of 1st period - Wrist shot by Dominic Toninato.
16:29 of 1st period - Shot Blocked by Mason McTavish.
16:58 of 1st period - Off-side.
16:59 of 1st period - Brett Leason wins face-off versus David Gustafsson in neutral zone.
17:04 of 1st period - Wrist shot by Nikita Nesterenko.
17:04 of 1st period - Stopped by Collin Delia without a rebound.
17:05 of 1st period - Mason McTavish wins face-off versus Saku Maenalanen in Manitoba Moose zone.
17:10 of 1st period - Slapshot by Pavol Regenda.
17:10 of 1st period - Stopped by Collin Delia without a rebound.
17:11 of 1st period - Mason McTavish wins face-off versus David Gustafsson in Manitoba Moose zone.
17:16 of 1st period - Snap shot by Pavol Regenda.
17:16 of 1st period - Shot Misses the Net.
17:18 of 1st period - Snap shot by Mason McTavish.
17:18 of 1st period - Stopped by Collin Delia without a rebound.
17:19 of 1st period - David Gustafsson wins face-off versus Mason McTavish in Manitoba Moose zone.
18:01 of 1st period - Wrist shot by Brett Leason.
18:01 of 1st period - Deflect By Riley Sheahan.
18:01 of 1st period - Shot Blocked by Jeff Malott.
18:01 of 1st period - Puck is out of play.
18:02 of 1st period - David Gustafsson wins face-off versus Bo Groulx in Manitoba Moose zone.
18:02 of 1st period - David Gustafsson is hit by Jacob Perreault.
18:16 of 1st period - Backhand shot by Bo Groulx.
18:16 of 1st period - Stopped by Collin Delia without a rebound.
18:17 of 1st period - Kristian Reichel wins face-off versus Glenn Gawdin in Manitoba Moose zone.
19:35 of 1st period - Off-side.
19:36 of 1st period - Pavol Regenda wins face-off versus David Gustafsson in neutral zone.
19:39 of 1st period - Snap shot by Pavol Regenda.
19:39 of 1st period - Shot Blocked by Saku Maenalanen.
19:41 of 1st period - Snap shot by Pavol Regenda.
19:41 of 1st period - Stopped by Collin Delia with a rebound.
19:43 of 1st period - Slapshot by Brett Leason.
19:43 of 1st period - Stopped by Collin Delia without a rebound.
19:44 of 1st period - Mason McTavish wins face-off versus David Gustafsson in Manitoba Moose zone.
19:52 of 1st period - Minor Penalty to Pavol Regenda for Tripping.
19:53 of 1st period - Mason McTavish wins face-off versus David Gustafsson in San Diego Gulls zone.
Goals for this period are 0 for San Diego Gulls vs 0 for Manitoba Moose.
Shots for this period are 13 for San Diego Gulls vs 9 for Manitoba Moose.

2nd period


0:01 of 2nd period - David Gustafsson wins face-off versus Glenn Gawdin in neutral zone.
0:30 of 2nd period - Slapshot by Kyle Capobianco.
0:30 of 2nd period - Stopped by Lukas Dostal with a rebound.
0:32 of 2nd period - Slapshot by Sam Anas.
0:32 of 2nd period - Shot Blocked by Colton White.
0:34 of 2nd period - Snap shot by Kristian Reichel.
0:34 of 2nd period - Shot Misses the Net.
0:36 of 2nd period - Slapshot by Lawrence Pilut.
0:36 of 2nd period - Deflect By Kristian Reichel.
0:36 of 2nd period - Shot Blocked by Chase De-Leo.
0:36 of 2nd period - Puck is out of play.
0:37 of 2nd period - David Gustafsson wins face-off versus Mason McTavish in San Diego Gulls zone.
0:57 of 2nd period - Off-side.
0:58 of 2nd period - Glenn Gawdin wins face-off versus Jeffrey Viel in neutral zone.
1:52 of 2nd period - Penalty to Pavol Regenda is over, Pavol Regenda is back on ice.
2:20 of 2nd period - Ville Heinola is hit by Bo Groulx.
2:47 of 2nd period - Icing by Ville Heinola.
2:48 of 2nd period - Brad Lambert wins face-off versus Mason McTavish in Manitoba Moose zone.
2:48 of 2nd period - Brad Lambert is hit by Mason McTavish.
4:02 of 2nd period - Icing by Trevor Carrick.
4:03 of 2nd period - David Gustafsson wins face-off versus Mason McTavish in San Diego Gulls zone.
4:10 of 2nd period - Slapshot by David Gustafsson.
4:10 of 2nd period - Stopped by Lukas Dostal without a rebound.
4:11 of 2nd period - Pavol Regenda wins face-off versus David Gustafsson in San Diego Gulls zone.
5:04 of 2nd period - Slapshot by Jamie Drysdale.
5:04 of 2nd period - Deflect By Glenn Gawdin.
5:04 of 2nd period - Goal by Glenn Gawdin - San Diego Gulls : 1 - Manitoba Moose : 0.
5:05 of 2nd period - Mason McTavish wins face-off versus David Gustafsson in neutral zone.
6:00 of 2nd period - Snap shot by Brandon Gignac.
6:00 of 2nd period - Stopped by Lukas Dostal without a rebound.
6:01 of 2nd period - David Gustafsson wins face-off versus Glenn Gawdin in San Diego Gulls zone.
6:04 of 2nd period - Snap shot by David Gustafsson.
6:04 of 2nd period - Shot Misses the Net.
6:10 of 2nd period - Glenn Gawdin is hit by David Gustafsson and loses puck.
6:25 of 2nd period - Jeffrey Viel is hit by Judd Caulfield.
6:29 of 2nd period - Snap shot by Glenn Gawdin.
6:29 of 2nd period - Goal by Glenn Gawdin - San Diego Gulls : 2 - Manitoba Moose : 0.
6:30 of 2nd period - Axel Jonsson-Fjallby wins face-off versus Mason McTavish in neutral zone.
6:55 of 2nd period - Jacob Perreault is hit by Lawrence Pilut and loses puck.
7:04 of 2nd period - Wrist shot by Kristian Reichel.
7:04 of 2nd period - Stopped by Lukas Dostal with a rebound.
7:06 of 2nd period - Snap shot by Sam Anas.
7:06 of 2nd period - Shot Misses the Net.
7:23 of 2nd period - Minor Penalty to Jeff Malott for Holding.
7:24 of 2nd period - David Gustafsson wins face-off versus Mason McTavish in Manitoba Moose zone.
7:29 of 2nd period - Wrist shot by Mason McTavish.
7:29 of 2nd period - Goal by Mason McTavish - San Diego Gulls : 3 - Manitoba Moose : 0.
7:30 of 2nd period - Mason McTavish wins face-off versus Saku Maenalanen in neutral zone.
8:36 of 2nd period - Minor Penalty to Brayden Tracey for Hooking.
8:37 of 2nd period - Saku Maenalanen wins face-off versus Mason McTavish in San Diego Gulls zone.
8:48 of 2nd period - Slapshot by Lawrence Pilut.
8:48 of 2nd period - Deflect By Saku Maenalanen.
8:48 of 2nd period - Shot Hit the Post.
8:48 of 2nd period - Puck is out of play.
8:49 of 2nd period - Mason McTavish wins face-off versus David Gustafsson in San Diego Gulls zone.
9:10 of 2nd period - Jamie Drysdale is hit by David Gustafsson.
9:22 of 2nd period - Bo Groulx is hit by Jeffrey Viel.
9:26 of 2nd period - Slapshot by Jamie Drysdale.
9:26 of 2nd period - Deflect By Glenn Gawdin.
9:26 of 2nd period - Goal by Glenn Gawdin - San Diego Gulls : 4 - Manitoba Moose : 0.
9:26 of 2nd period - Olle Eriksson-Ek enters game.
9:27 of 2nd period - David Gustafsson wins face-off versus Mason McTavish in neutral zone.
9:36 of 2nd period - Snap shot by Kyle Capobianco.
9:36 of 2nd period - Shot Misses the Net.
9:38 of 2nd period - Snap shot by Kyle Capobianco.
9:38 of 2nd period - Shot Blocked by Drew Helleson.
9:40 of 2nd period - Snap shot by Axel Jonsson-Fjallby.
9:40 of 2nd period - Shot Misses the Net.
9:42 of 2nd period - Snap shot by David Gustafsson.
9:42 of 2nd period - Stopped by Lukas Dostal without a rebound.
9:43 of 2nd period - Mason McTavish wins face-off versus Axel Jonsson-Fjallby in San Diego Gulls zone.
9:43 of 2nd period - Mason McTavish is hit by Lawrence Pilut.
9:55 of 2nd period - Wrist shot by David Gustafsson.
9:55 of 2nd period - Goal by David Gustafsson - San Diego Gulls : 4 - Manitoba Moose : 1.
9:56 of 2nd period - David Gustafsson wins face-off versus Mason McTavish in neutral zone.
9:58 of 2nd period - Off-side.
9:59 of 2nd period - Mason McTavish wins face-off versus David Gustafsson in neutral zone.
10:55 of 2nd period - Backhand shot by Colton White.
10:55 of 2nd period - Stopped by Olle Eriksson-Ek with a rebound.
11:24 of 2nd period - Snap shot by David Gustafsson.
11:24 of 2nd period - Shot Misses the Net.
11:40 of 2nd period - Snap shot by Jeffrey Viel.
11:40 of 2nd period - Stopped by Lukas Dostal with a rebound.
11:42 of 2nd period - Snap shot by Kristian Reichel.
11:42 of 2nd period - Stopped by Lukas Dostal with a rebound.
12:15 of 2nd period - Brandon Gignac is hit by Brett Leason and loses puck.
12:38 of 2nd period - Jacob Perreault is hit by Saku Maenalanen and loses puck.
12:51 of 2nd period - Nikita Nesterenko is hit by Jeffrey Viel and loses puck.
13:24 of 2nd period - Wrist shot by Riley Sheahan.
13:24 of 2nd period - Stopped by Lukas Dostal without a rebound.
13:25 of 2nd period - Bo Groulx wins face-off versus Riley Sheahan in San Diego Gulls zone.
13:32 of 2nd period - Backhand shot by Jeff Malott.
13:32 of 2nd period - Shot Blocked by Colton White.
13:42 of 2nd period - Snap shot by Riley Sheahan.
13:42 of 2nd period - Stopped by Lukas Dostal with a rebound.
13:44 of 2nd period - Wrist shot by Lawrence Pilut.
13:44 of 2nd period - Deflect By Riley Sheahan.
13:44 of 2nd period - Goal by Riley Sheahan - San Diego Gulls : 4 - Manitoba Moose : 2.
13:45 of 2nd period - David Gustafsson wins face-off versus Mason McTavish in neutral zone.
14:25 of 2nd period - Snap shot by David Gustafsson.
14:25 of 2nd period - Stopped by Lukas Dostal without a rebound.
14:26 of 2nd period - Mason McTavish wins face-off versus Kristian Reichel in San Diego Gulls zone.
14:26 of 2nd period - Mason McTavish is hit by Jeffrey Viel.
14:36 of 2nd period - Slapshot by Colton White.
14:36 of 2nd period - Shot Blocked by Artemi Kniazev.
14:46 of 2nd period - Colton White is hit by Jeffrey Viel and loses puck.
14:54 of 2nd period - Icing by Drew Helleson.
14:55 of 2nd period - Bo Groulx wins face-off versus Riley Sheahan in San Diego Gulls zone.
15:20 of 2nd period - Slapshot by Glenn Gawdin.
15:20 of 2nd period - Stopped by Olle Eriksson-Ek with a rebound.
15:22 of 2nd period - Wrist shot by Glenn Gawdin.
15:22 of 2nd period - Deflect By Chase De-Leo.
15:22 of 2nd period - Deflect By Lawrence Pilut.
15:22 of 2nd period - Shot Misses the Net.
15:22 of 2nd period - Puck is out of play.
15:23 of 2nd period - David Gustafsson wins face-off versus Glenn Gawdin in Manitoba Moose zone.
15:23 of 2nd period - David Gustafsson is hit by Glenn Gawdin.
15:39 of 2nd period - Slapshot by Axel Jonsson-Fjallby.
15:39 of 2nd period - Stopped by Lukas Dostal with a rebound.
16:01 of 2nd period - Wrist shot by David Gustafsson.
16:01 of 2nd period - Deflect By Axel Jonsson-Fjallby.
16:01 of 2nd period - Shot Blocked by Chase De-Leo.
16:01 of 2nd period - Puck is out of play.
16:02 of 2nd period - Kristian Reichel wins face-off versus Mason McTavish in San Diego Gulls zone.
16:27 of 2nd period - Riley Sheahan is hit by Jacob Perreault and loses puck.
16:34 of 2nd period - Wrist shot by Jeff Malott.
16:34 of 2nd period - Shot Misses the Net.
16:36 of 2nd period - Wrist shot by Jeff Malott.
16:36 of 2nd period - Stopped by Lukas Dostal with a rebound.
16:53 of 2nd period - Brett Leason is hit by Dominic Toninato and loses puck.
17:06 of 2nd period - Slapshot by Drew Helleson.
17:06 of 2nd period - Deflect By Saku Maenalanen.
17:06 of 2nd period - Stopped by Olle Eriksson-Ek with a rebound.
17:40 of 2nd period - Simon Lundmark is hit by Mason McTavish and loses puck.
19:20 of 2nd period - Drew Helleson is hit by Riley Sheahan and loses puck.
19:27 of 2nd period - Slapshot by Ville Heinola.
19:27 of 2nd period - Stopped by Lukas Dostal with a rebound.
19:29 of 2nd period - Slapshot by Ville Heinola.
19:29 of 2nd period - Shot Blocked by Colton White.
19:31 of 2nd period - Slapshot by Jeff Malott.
19:31 of 2nd period - Shot Blocked by Colton White.
Goals for this period are 4 for San Diego Gulls vs 2 for Manitoba Moose.
Shots for this period are 7 for San Diego Gulls vs 15 for Manitoba Moose.

3rd period


0:01 of 3rd period - David Gustafsson wins face-off versus Mason McTavish in neutral zone.
0:04 of 3rd period - Drew Helleson is hit by David Gustafsson and loses puck.
1:12 of 3rd period - Snap shot by Kristian Reichel.
1:12 of 3rd period - Stopped by Lukas Dostal with a rebound.
1:14 of 3rd period - Slapshot by Sam Anas.
1:14 of 3rd period - Shot Blocked by Jackson LaCombe.
1:16 of 3rd period - Wrist shot by Jeffrey Viel.
1:16 of 3rd period - Shot Blocked by Nikita Nesterenko.
1:18 of 3rd period - Wrist shot by Sam Anas.
1:18 of 3rd period - Stopped by Lukas Dostal without a rebound.
1:19 of 3rd period - Bo Groulx wins face-off versus Axel Jonsson-Fjallby in San Diego Gulls zone.
1:45 of 3rd period - Slapshot by Colton White.
1:45 of 3rd period - Stopped by Olle Eriksson-Ek with a rebound.
1:47 of 3rd period - Slapshot by Colton White.
1:47 of 3rd period - Stopped by Olle Eriksson-Ek with a rebound.
3:06 of 3rd period - Slapshot by Ville Heinola.
3:06 of 3rd period - Stopped by Lukas Dostal with a rebound.
3:08 of 3rd period - Wrist shot by Jeff Malott.
3:08 of 3rd period - Stopped by Lukas Dostal with a rebound.
4:03 of 3rd period - Jamie Drysdale is hit by Saku Maenalanen and loses puck.
4:24 of 3rd period - Kyle Capobianco is hit by Jacob Perreault and loses puck.
4:37 of 3rd period - Snap shot by Mason McTavish.
4:37 of 3rd period - Stopped by Olle Eriksson-Ek without a rebound.
4:38 of 3rd period - Kristian Reichel wins face-off versus Nikita Nesterenko in Manitoba Moose zone.
4:53 of 3rd period - Off-side.
4:54 of 3rd period - Mason McTavish wins face-off versus David Gustafsson in neutral zone.
5:11 of 3rd period - Mason McTavish is hit by Axel Jonsson-Fjallby and loses puck.
5:26 of 3rd period - Wrist shot by Bo Groulx.
5:26 of 3rd period - Stopped by Olle Eriksson-Ek with a rebound.
5:28 of 3rd period - Slapshot by Drew Helleson.
5:28 of 3rd period - Shot Misses the Net.
5:30 of 3rd period - Wrist shot by Brayden Tracey.
5:30 of 3rd period - Shot Misses the Net.
5:32 of 3rd period - Snap shot by Colton White.
5:32 of 3rd period - Shot Misses the Net.
5:34 of 3rd period - Wrist shot by Brayden Tracey.
5:34 of 3rd period - Stopped by Olle Eriksson-Ek without a rebound.
5:35 of 3rd period - Riley Sheahan wins face-off versus Glenn Gawdin in Manitoba Moose zone.
6:00 of 3rd period - Lawrence Pilut is hit by Mason McTavish.
6:10 of 3rd period - Wrist shot by Brett Leason.
6:10 of 3rd period - Shot Misses the Net.
6:23 of 3rd period - Minor Penalty to Trevor Carrick for Unsportsmanlike conduct.
6:24 of 3rd period - Mason McTavish wins face-off versus David Gustafsson in San Diego Gulls zone.
6:32 of 3rd period - Wrist shot by Saku Maenalanen.
6:32 of 3rd period - Shot Blocked by Colton White.
6:34 of 3rd period - Snap shot by Ville Heinola.
6:34 of 3rd period - Stopped by Lukas Dostal without a rebound.
6:35 of 3rd period - Mason McTavish wins face-off versus David Gustafsson in San Diego Gulls zone.
6:35 of 3rd period - Mason McTavish is hit by Kyle Capobianco.
7:00 of 3rd period - Icing by Lawrence Pilut.
7:01 of 3rd period - Mason McTavish wins face-off versus Kristian Reichel in Manitoba Moose zone.
7:06 of 3rd period - Snap shot by Pavol Regenda.
7:06 of 3rd period - Shot Misses the Net.
8:23 of 3rd period - Penalty to Trevor Carrick is over, Trevor Carrick is back on ice.
8:28 of 3rd period - Snap shot by Jeff Malott.
8:28 of 3rd period - Stopped by Lukas Dostal with a rebound.
8:48 of 3rd period - Jackson LaCombe is hit by Dominic Toninato and loses puck.
9:00 of 3rd period - Icing by Connor Hvidston.
9:01 of 3rd period - Nikita Nesterenko wins face-off versus Kristian Reichel in San Diego Gulls zone.
9:05 of 3rd period - Minor Penalty to Jeffrey Viel for Holding.
9:06 of 3rd period - Mason McTavish wins face-off versus David Gustafsson in Manitoba Moose zone.
9:53 of 3rd period - Riley Sheahan is hit by Mason McTavish and loses puck.
11:05 of 3rd period - Penalty to Jeffrey Viel is over, Jeffrey Viel is back on ice.
11:19 of 3rd period - Daniel Torgersson is hit by Chase De-Leo and loses puck.
11:26 of 3rd period - Chase De-Leo is hit by Brandon Gignac and loses puck.
11:39 of 3rd period - Wrist shot by Kristian Reichel.
11:39 of 3rd period - Stopped by Lukas Dostal without a rebound.
11:40 of 3rd period - Bo Groulx wins face-off versus Kristian Reichel in San Diego Gulls zone.
12:01 of 3rd period - Snap shot by Axel Jonsson-Fjallby.
12:01 of 3rd period - Stopped by Lukas Dostal with a rebound.
12:11 of 3rd period - Snap shot by Nikita Nesterenko.
12:11 of 3rd period - Shot Misses the Net.
12:21 of 3rd period - Brad Lambert is hit by Jamie Drysdale and loses puck.
13:49 of 3rd period - Off-side.
13:50 of 3rd period - Kristian Reichel wins face-off versus Bo Groulx in neutral zone.
14:17 of 3rd period - Glenn Gawdin is hit by David Gustafsson and loses puck.
14:38 of 3rd period - Lawrence Pilut is hit by Mason McTavish and loses puck.
14:57 of 3rd period - Snap shot by Brandon Gignac.
14:57 of 3rd period - Shot Blocked by Nikita Nesterenko.
15:00 of 3rd period - Icing by Connor Hvidston.
15:01 of 3rd period - Dominic Toninato wins face-off versus Nikita Nesterenko in San Diego Gulls zone.
15:22 of 3rd period - Snap shot by Bo Groulx.
15:22 of 3rd period - Stopped by Olle Eriksson-Ek with a rebound.
15:24 of 3rd period - Slapshot by Jackson LaCombe.
15:24 of 3rd period - Stopped by Olle Eriksson-Ek with a rebound.
15:26 of 3rd period - Slapshot by Jackson LaCombe.
15:26 of 3rd period - Shot Misses the Net.
15:34 of 3rd period - Snap shot by Brandon Gignac.
15:34 of 3rd period - Stopped by Lukas Dostal with a rebound.
16:02 of 3rd period - Wrist shot by Mason McTavish.
16:02 of 3rd period - Stopped by Olle Eriksson-Ek with a rebound.
16:20 of 3rd period - Slapshot by Jeffrey Viel.
16:20 of 3rd period - Stopped by Lukas Dostal with a rebound.
16:53 of 3rd period - Off-side.
16:54 of 3rd period - Kristian Reichel wins face-off versus Bo Groulx in neutral zone.
17:18 of 3rd period - Brett Leason is hit by Lawrence Pilut and loses puck.
17:27 of 3rd period - Wrist shot by Axel Jonsson-Fjallby.
17:27 of 3rd period - Stopped by Lukas Dostal with a rebound.
17:38 of 3rd period - Off-side.
17:39 of 3rd period - Riley Sheahan wins face-off versus Bo Groulx in neutral zone.
17:42 of 3rd period - Slapshot by Lawrence Pilut.
17:42 of 3rd period - Stopped by Lukas Dostal with a rebound.
18:13 of 3rd period - Icing by Kristian Reichel.
18:14 of 3rd period - Mason McTavish wins face-off versus Kristian Reichel in Manitoba Moose zone.
18:25 of 3rd period - Snap shot by Pavol Regenda.
18:25 of 3rd period - Deflect By Mason McTavish.
18:25 of 3rd period - Stopped by Olle Eriksson-Ek with a rebound.
18:27 of 3rd period - Slapshot by Jackson LaCombe.
18:27 of 3rd period - Stopped by Olle Eriksson-Ek without a rebound.
18:28 of 3rd period - David Gustafsson wins face-off versus Mason McTavish in Manitoba Moose zone.
18:30 of 3rd period - Minor Penalty to Ville Heinola for Interference.
18:31 of 3rd period - Mason McTavish wins face-off versus David Gustafsson in Manitoba Moose zone.
18:39 of 3rd period - Snap shot by Pavol Regenda.
18:39 of 3rd period - Stopped by Olle Eriksson-Ek with a rebound.
18:41 of 3rd period - Snap shot by Colton White.
18:41 of 3rd period - Goal by Colton White - San Diego Gulls : 5 - Manitoba Moose : 2.
18:42 of 3rd period - David Gustafsson wins face-off versus Mason McTavish in neutral zone.
18:56 of 3rd period - Minor Penalty to Pavol Regenda for Tripping.
18:57 of 3rd period - David Gustafsson wins face-off versus Mason McTavish in San Diego Gulls zone.
19:23 of 3rd period - Kyle Capobianco is hit by Chase De-Leo.
19:27 of 3rd period - Snap shot by Lawrence Pilut.
19:27 of 3rd period - Goal by Lawrence Pilut - San Diego Gulls : 5 - Manitoba Moose : 3.
19:28 of 3rd period - Riley Sheahan wins face-off versus Bo Groulx in neutral zone.
19:33 of 3rd period - Slapshot by Riley Sheahan.
19:33 of 3rd period - Stopped by Lukas Dostal with a rebound.
19:35 of 3rd period - Wrist shot by Jeff Malott.
19:35 of 3rd period - Stopped by Lukas Dostal with a rebound.
19:37 of 3rd period - Wrist shot by Jeff Malott.
19:37 of 3rd period - Stopped by Lukas Dostal with a rebound.
19:41 of 3rd period - Snap shot by Riley Sheahan.
19:41 of 3rd period - Stopped by Lukas Dostal without a rebound.
19:42 of 3rd period - Kristian Reichel wins face-off versus Bo Groulx in San Diego Gulls zone.
19:42 of 3rd period - Lawrence Pilut is hit by Drew Helleson.
19:58 of 3rd period - Snap shot by Bo Groulx.
19:58 of 3rd period - Shot Blocked by Sam Anas.
Goals for this period are 1 for San Diego Gulls vs 1 for Manitoba Moose.
Shots for this period are 12 for San Diego Gulls vs 17 for Manitoba Moose.